 Dungeon Crawl Stone Soup version 0.27-a0-109-g416527ed24 (webtiles) character file.

Game seed: 14656223388195833392

64 timneilson the Shield-Bearer (level 4, -9/28 HPs)
             Began as a Gargoyle Fighter on Jan 24, 2021.
             Killed by divine providence
             ... invoked by an orc priest
              (14 damage)
             ... on level 2 of the Dungeon.
             The game lasted 00:01:43 (1338 turns).

timneilson the Shield-Bearer (Gargoyle Fighter)     Turns: 1338, Time: 00:01:44

Health: -9/28      AC: 10    Str: 21    XL:     4   Next: 12%
Magic:  4/4        EV:  7    Int:  8    God:
Gold:   69         SH:  9    Dex:  9    Spells: 3/3 levels left

rFire    . . .     SeeInvis .   a - +0 long sword
rCold    . . .     Faith    .   c - +0 kite shield
rNeg     + . .     Spirit   .   b - +0 scale mail
rPois    ∞         Reflect  .   (no helmet)
rElec    +         Harm     .   (no cloak)
rCorr    +         Rampage  .   (no gloves)
Will     .....                  (no boots)
Stlth    ..........             (no amulet)
HPRegen  0.09/turn              m - ring of resist corrosion
MPRegen  0.09/turn              (no ring)

@: no status effects
A: negative energy resistance 1, electricity resistance, unbreathing,
petrification resistance, miasma immunity, AC +3
a: no special abilities


You were on level 2 of the Dungeon.
You visited 1 branch of the dungeon, and saw 2 of its levels.

You collected 69 gold pieces.

Inventory:

Hand Weapons
 a - a +0 long sword (weapon)
Armour
 b - a +0 scale mail (worn)
 c - a +0 kite shield (worn)
 f - a +0 chain mail
Jewellery
 m - a ring of resist corrosion (left hand)
 p - an uncursed ring of flight {unknown}
Scrolls
 g - 3 scrolls of amnesia
 h - 3 scrolls of identify
 n - a scroll of enchant weapon {unknown}
 o - a scroll of fear {unknown}
Potions
 d - a potion of might
 e - 2 potions of ambrosia
 i - a potion of lignification {unknown}
 j - a potion of degeneration {unknown}
 k - a potion of invisibility {unknown}
 l - a potion of curing


   Skills:
 + Level 3.6 Fighting
 * Level 2.4 Long Blades
 * Level 3.9 Armour
 * Level 4.1 Shields


You had 3 spell levels left.
You didn't know any spells.
Your spell library was empty.

Dungeon Overview and Level Annotations

Branches:
Dungeon (2/15)

Altars:
Ru


Innate Abilities, Weirdness & Mutations

You are resistant to torment.
Your stone body is resilient. (AC +3)
You are immune to poison.
You resist negative energy. (rN+)
You are resistant to electric shocks. (rElec)
You can survive without breathing.
You are immune to petrification.
You are immune to miasma.


Message History

The orc wizard flickers and vanishes!
Deactivating autopickup; reactivate with Ctrl-A.
You block the orc's attack. Something hits you but does no damage.
You hit the orc.
The orc is lightly wounded.
The orc priest calls down the wrath of Beogh upon you.
Beogh smites you!
Ouch! That really hurt!
The orc hits you but does no damage. You block the orc's attack.
Something hits you but does no damage.
You are too injured to fight recklessly!
You block something's attack. The orc hits you but does no damage.
The orc priest calls down the wrath of Beogh upon you.
Beogh smites you!
* * * LOW HITPOINT WARNING * * *
The orc priest calls down the wrath of Beogh upon you.
Beogh smites you!
Ouch! That really hurt!
You die...

.######## # .......)##
### . #...#####.####
#..ooo..@....#
#....##.#.##.#
####.##.#.##.#
#.##.#.##.# .
#.#....##.# ..# ##+##
#.#..#.##.# #.#
##...## #.#..#.##.#
#.# ##.....##
#.#.......# #.##
##.......###......####
#..##


You could see an orc priest and 2 orcs.

Vanquished Creatures
  2 adders (D:2)
  An ooze (D:1)
  2 leopard geckos
  An orc (D:2)
  7 bats
  2 giant cockroaches (D:1)
  3 goblins
  4 hobgoblins
  5 jackals (D:2)
  2 kobolds (D:1)
  A quokka (D:2)
  3 rats
33 creatures vanquished.

Notes
Turn   | Place    | Note
-------+----------+-------------------------------------------
     0 | D:1      | timneilson the Gargoyle Fighter began the quest for the
                  | Orb.
     0 | D:1      | Reached XP level 1. HP: 14/14 MP: 1/1
    87 | D:1      | Reached XP level 2. HP: 19/19 MP: 2/2
   555 | D:1      | Reached XP level 3. HP: 23/23 MP: 3/3
  1205 | D:2      | Found a sacrificial altar of Ru.
  1212 | D:2      | Reached skill level 4 in Shields
  1307 | D:2      | Reached XP level 4. HP: 28/28 MP: 4/4
  1338 | D:2      | Killed from afar by an orc priest

Illustrated notes

Levels and vault maps discovered:
D:1:      lightli_arrival_windingriver, layout_basic, serial_curves,
          eino_curves_04, eino_curves_04
D:2:      layout_loops_corners, nicolae_ru_awakened_eye

Skill      XL: |  1  2  3 |
---------------+----------+-----
Long Blades    | 2 |  2.4
Shields        | 4 |  4.1
Fighting       | |  3.6
Armour         | |  3.9

Action                   |  1- 3 |  4- 6 || total
-------------------------+-------+-------++-------
Melee: Long sword        |    93 |     5 ||    98
  Use: Scroll            |     7 |       ||     7
Armor: Scale mail        |    64 |     3 ||    67
Dodge: Dodged            |    27 |     1 ||    28
Block: Kite shield       |    49 |     8 ||    57
       Rpst.: Long sword |    11 |       ||    11

Table legend: (Time is in decaauts)
 A = Elapsed time spent in this place.
 B = Non-inter-level travel time spent in this place.
 C = Inter-level travel time spent in this place.
 D = Time resting spent in this place.
 E = Time spent auto-exploring this place.
 F = Levels seen in this place.
 G = Mean time per level.
                   A        B        C        D        E       F      G
               +--------+--------+--------+--------+--------+-----+--------+
         Total |   1374 |   1353 |     21 |      0 |   1099 |   2 |  687.0 |
       Dungeon |   1374 |   1353 |     21 |      0 |   1099 |   2 |  687.0 |
               +--------+--------+--------+--------+--------+-----+--------+

Top non-repeatable levels by time:
     D:1: 830 daAuts
     D:2: 544 daAuts
